3L
HOUSTON 1837 BBC @ ECHO PARK LAKERS
08/21/2034
 
TOP OF THE 1ST
Houston 1837 BBC batting - Pitching for Echo Park Lakers : LHP Rusty Swanson
Pitching: LHP Rusty Swanson
Batting: RHB Jon Osterman 0-0: Called Strike
0-1: Ball
1-1: Fly out, F7 (Line Drive, 7)
Batting: RHB Joey Trifone 0-0: Ball
1-0: Ball
2-0: Called Strike
2-1: Foul Ball, location: 2F
2-2: Foul Ball, location: 2F
2-2: Ball
3-2: Base on Balls
Batting: LHB Kai-ge Choe 0-0: Swinging Strike
0-1: Swinging Strike
0-2: Ball
1-2: Foul Ball, location: 2F
1-2: Strikes out swinging
Batting: RHB Phil Sherman Pickoff Throw to First - Out!
Top of the 1st over - 0 runs, 0 hits, 0 errors, 0 left on base; Houston 0 - Echo Park 0
BOTTOM OF THE 1ST
Echo Park Lakers batting - Pitching for Houston 1837 BBC : RHP Gary Mason
Pitching: RHP Gary Mason
Batting: SHB Toby Sutton 0-0: Called Strike
0-1: Ball
1-1: Foul Ball, location: 2F
1-2: Foul Ball, location: 2F
1-2: Foul Ball, location: 2F
1-2: SINGLE (Groundball, 4M) (infield hit)
Batting: RHB Félix Romero 0-0: Swinging Strike
0-1: Called Strike
0-2: Ball
1-2: Strikes out swinging
Batting: RHB Angeddy Almanzar 0-0: Ball
1-0: Called Strike
Toby Sutton is caught stealing 2nd base
1-1: DOUBLE (Flyball, 8LXD)
Batting: LHB Chris Etheridge 0-0: Ground out 3-1 (Groundball, 34S)
Bottom of the 1st over - 0 runs, 2 hits, 0 errors, 1 left on base; Houston 0 - Echo Park 0
TOP OF THE 2ND
Houston 1837 BBC batting - Pitching for Echo Park Lakers : LHP Rusty Swanson
Batting: RHB Phil Sherman 0-0: Called Strike
0-1: Ball
1-1: Foul Ball, location: 2F
1-2: Ground out 6-3 (Groundball, 6)
Batting: RHB Komotay Koffie 0-0: Ball
1-0: Swinging Strike
1-1: Called Strike
1-2: Foul Ball, location: 2F
1-2: Ground out 5-3 (Groundball, 56)
Batting: RHB Eugene Bennett 0-0: Ground out 6-3 (Groundball, 6)
Top of the 2nd over - 0 runs, 0 hits, 0 errors, 0 left on base; Houston 0 - Echo Park 0
BOTTOM OF THE 2ND
Echo Park Lakers batting - Pitching for Houston 1837 BBC : RHP Gary Mason
Batting: RHB Ronald Comejo 0-0: Ball
1-0: Ball
2-0: Ball
3-0: Called Strike
3-1: Ground out 6-3 (Groundball, 6)
Batting: RHB Gabriel Maldonado 0-0: Ball
1-0: Ball
2-0: Ball
3-0: Base on Balls
Batting: RHB Freddy Torres 0-0: Foul Ball, location: 2F
0-1: Ground out 5-3 (Groundball, 56S)
Gabriel Maldonado to second
Batting: SHB Rodolphe Nairn 0-0: Foul Ball, location: 2F
0-1: Foul Ball, location: 2F
0-2: Foul Ball, location: 2F
0-2: Strikes out looking
Bottom of the 2nd over - 0 runs, 0 hits, 0 errors, 1 left on base; Houston 0 - Echo Park 0
TOP OF THE 3RD
Houston 1837 BBC batting - Pitching for Echo Park Lakers : LHP Rusty Swanson
Batting: RHB Juan Chávez 0-0: Called Strike
0-1: Foul Ball, location: 2F
0-2: Ground out 4-3 (Groundball, 4D)
Batting: LHB Owen Sharts 0-0: Ball
1-0: Ball
2-0: Called Strike
2-1: Swinging Strike
2-2: Ball
3-2: Foul Ball, location: 2F
3-2: Strikes out looking
Batting: LHB Mike Houston 0-0: Fly out, F7 (Line Drive, 7)
Top of the 3rd over - 0 runs, 0 hits, 0 errors, 0 left on base; Houston 0 - Echo Park 0
BOTTOM OF THE 3RD
Echo Park Lakers batting - Pitching for Houston 1837 BBC : RHP Gary Mason
Batting: LHB Bartolo Sierra 0-0: Called Strike
0-1: Called Strike
0-2: Foul Ball, location: 2F
0-2: Ball
1-2: Foul Ball, location: 2F
1-2: Foul Ball, location: 2F
1-2: Ball
2-2: Strikes out swinging
Batting: SHB Toby Sutton 0-0: Called Strike
0-1: Swinging Strike
0-2: Ball
1-2: Foul Ball, location: 2F
1-2: Foul Ball, location: 2F
1-2: Ball
2-2: Ball
3-2: Strikes out swinging
Batting: RHB Félix Romero 0-0: Swinging Strike
0-1: Foul Ball, location: 2F
0-2: Strikes out swinging
Bottom of the 3rd over - 0 runs, 0 hits, 0 errors, 0 left on base; Houston 0 - Echo Park 0
TOP OF THE 4TH
Houston 1837 BBC batting - Pitching for Echo Park Lakers : LHP Rusty Swanson
Batting: RHB Jon Osterman 0-0: Called Strike
0-1: Called Strike
0-2: SINGLE (Groundball, 6M) (infield hit)
Batting: RHB Joey Trifone 0-0: Foul Ball, location: 2F
0-1: Ground out 5-3 (Groundball, 56S)
Jon Osterman to second
Batting: LHB Kai-ge Choe 0-0: Ball
1-0: Ball
2-0: Fly out, F7 (Flyball, 7LD)
Batting: RHB Phil Sherman 0-0: Fly out, F7 (Flyball, 78D)
Top of the 4th over - 0 runs, 1 hit, 0 errors, 1 left on base; Houston 0 - Echo Park 0
BOTTOM OF THE 4TH
Echo Park Lakers batting - Pitching for Houston 1837 BBC : RHP Gary Mason
Batting: RHB Angeddy Almanzar 0-0: Called Strike
0-1: SINGLE (Groundball, 5D)
Batting: LHB Chris Etheridge 0-0: Foul Ball, location: 2F
0-1: Swinging Strike
0-2: Foul Ball, location: 2F
0-2: Fielders Choice at 2nd, 4-6 (Groundball, 4M)
Batting: RHB Ronald Comejo 0-0: Ball
Chris Etheridge steals 2nd base
1-0: Foul Ball, location: 2F
1-1: Ball
2-1: Foul Ball, location: 2F
2-2: Fly out, F9 (Line Drive, 9)
Batting: RHB Gabriel Maldonado 0-0: Foul Ball, location: 2F
0-1: Ground out 6-3 (Groundball, 6)
Bottom of the 4th over - 0 runs, 1 hit, 0 errors, 1 left on base; Houston 0 - Echo Park 0
TOP OF THE 5TH
Houston 1837 BBC batting - Pitching for Echo Park Lakers : LHP Rusty Swanson
Batting: RHB Komotay Koffie 0-0: Called Strike
0-1: Ball
1-1: Ball
2-1: Ball
3-1: Foul Ball, location: 2F
3-2: Base on Balls
Batting: RHB Eugene Bennett 0-0: Sac Bunt - play at second, runner OUT! 1-6
Batting: RHB Juan Chávez 0-0: Called Strike
0-1: Called Strike
0-2: Strikes out swinging
Batting: LHB Owen Sharts 0-0: Ball
1-0: Foul Ball, location: 2F
1-1: Ground out 6-3 (Groundball, 6S)
Top of the 5th over - 0 runs, 0 hits, 0 errors, 1 left on base; Houston 0 - Echo Park 0
BOTTOM OF THE 5TH
Echo Park Lakers batting - Pitching for Houston 1837 BBC : RHP Gary Mason
Batting: RHB Freddy Torres 0-0: Ball
1-0: SINGLE (Line Drive, 7LS)
Batting: SHB Rodolphe Nairn 0-0: Ball
1-0: Ball
2-0: SINGLE (Groundball, 34) (infield hit)
Freddy Torres to second
Batting: LHB Bartolo Sierra 0-0: Called Strike
0-1: Sac Bunt - play at first, batter safe!
Freddy Torres to third
Rodolphe Nairn to second
Batting: SHB Toby Sutton 0-0: Called Strike
0-1: SINGLE (Line Drive, 4D)
Freddy Torres scores
Rodolphe Nairn to third
Bartolo Sierra to second
Batting: RHB Félix Romero 0-0: Ball
1-0: Swinging Strike
1-1: Called Strike
1-2: Grounds into double play, 4-6-3 (Groundball, 4)
Rodolphe Nairn scores
Bartolo Sierra to third
Batting: RHB Angeddy Almanzar 0-0: Called Strike
0-1: Foul Ball, location: 2F
0-2: Ball
1-2: Ball
2-2: Foul Ball, location: 2F
2-2: SINGLE (Line Drive, 5)
Bartolo Sierra scores
Batting: LHB Chris Etheridge 0-0: Called Strike
0-1: Ball
1-1: Ball
2-1: 2-RUN HOME RUN (Flyball, 9D), Distance : 406 ft
Batting: RHB Ronald Comejo 0-0: Called Strike
0-1: Swinging Strike
0-2: Ball
1-2: Strikes out swinging
Bottom of the 5th over - 5 runs, 6 hits, 0 errors, 0 left on base; Houston 0 - Echo Park 5
TOP OF THE 6TH
Houston 1837 BBC batting - Pitching for Echo Park Lakers : LHP Rusty Swanson
Batting: LHB Mike Houston 0-0: Ball
1-0: Called Strike
1-1: Fly out, F3 (Line Drive, 3L)
Batting: RHB Jon Osterman 0-0: Ball
1-0: Ball
2-0: SINGLE (Groundball, 56S) (infield hit)
Batting: RHB Joey Trifone 0-0: Ball
1-0: Ball
2-0: Foul Ball, location: 2F
2-1: DOUBLE (Groundball, 5L)
Jon Osterman to third
Runner from 3rd tries for Home, SAFE, no throw
Batting: LHB Kai-ge Choe 0-0: Ball
1-0: 2-RUN HOME RUN (Flyball, 9LD), Distance : 422 ft
Batting: RHB Phil Sherman 0-0: Foul Ball, location: 2F
0-1: Ball
1-1: Ball
2-1: Swinging Strike
2-2: DOUBLE (Flyball, 8LXD)
Batting: RHB Komotay Koffie 0-0: Called Strike
0-1: Ball
1-1: Fly out, F7 (Flyball, 78S)
Batting: RHB Eugene Bennett 0-0: Ball
1-0: Ball
2-0: Ball
3-0: Foul Ball, location: 2F
3-1: Fly out, F6 (Line Drive, 6)
Top of the 6th over - 3 runs, 4 hits, 0 errors, 1 left on base; Houston 3 - Echo Park 5
BOTTOM OF THE 6TH
Echo Park Lakers batting - Pitching for Houston 1837 BBC : RHP Gary Mason
Pitching: RHP Pedro Aguilar
Batting: RHB Gabriel Maldonado 0-0: Ball
1-0: Ball
2-0: Foul Ball, location: 2F
2-1: Swinging Strike
2-2: Ball
3-2: Strikes out swinging
Batting: RHB Freddy Torres 0-0: Swinging Strike
0-1: Ball
1-1: Ball
2-1: Foul Ball, location: 2F
2-2: Strikes out looking
Batting: SHB Rodolphe Nairn 0-0: Ball
1-0: Ground out 1-4-3 (Groundball, 15S)
Bottom of the 6th over - 0 runs, 0 hits, 0 errors, 0 left on base; Houston 3 - Echo Park 5
TOP OF THE 7TH
Houston 1837 BBC batting - Pitching for Echo Park Lakers : LHP Rusty Swanson
Batting: RHB Juan Chávez 0-0: Called Strike
0-1: Foul Ball, location: 2F
0-2: Ball
1-2: Ball
2-2: Ball
3-2: Foul Ball, location: 2F
3-2: Foul Ball, location: 2F
3-2: Ground out 4-3 (Groundball, 4MD)
Batting: LHB Owen Sharts 0-0: Called Strike
0-1: Swinging Strike
0-2: Ball
1-2: Ball
2-2: Strikes out looking
Batting: LHB Mike Houston 0-0: Ball
1-0: Ball
2-0: Foul Ball, location: 2F
2-1: Ground out 1-3 (Groundball, 15S)
Top of the 7th over - 0 runs, 0 hits, 0 errors, 0 left on base; Houston 3 - Echo Park 5
BOTTOM OF THE 7TH
Echo Park Lakers batting - Pitching for Houston 1837 BBC : RHP Pedro Aguilar
Batting: LHB Bartolo Sierra 0-0: Foul Ball, location: 2F
0-1: Ball
1-1: Called Strike
1-2: Foul Ball, location: 2F
1-2: Ball
2-2: Strikes out looking
Batting: SHB Toby Sutton 0-0: Called Strike
0-1: Fly out, F7 (Flyball, 7LSF)
Batting: RHB Félix Romero 0-0: Ball
1-0: Foul Ball, location: 2F
1-1: Ball
2-1: Ground out 6-3 (Groundball, 6)
Bottom of the 7th over - 0 runs, 0 hits, 0 errors, 0 left on base; Houston 3 - Echo Park 5
TOP OF THE 8TH
Houston 1837 BBC batting - Pitching for Echo Park Lakers : LHP Rusty Swanson
Batting: RHB Jon Osterman 0-0: SINGLE (Line Drive, 5D)
Batting: RHB Joey Trifone 0-0: Ball
1-0: Ball
2-0: Ball
3-0: Called Strike
3-1: Swinging Strike
3-2: SINGLE (Line Drive, 7S)
Jon Osterman to second
Batting: LHB Kai-ge Choe 0-0: Ball
1-0: Swinging Strike
1-1: SINGLE (Line Drive, 6D)
Jon Osterman to third
Joey Trifone to second
Runner from 3rd tries for Home, SAFE, no throw
Pitching: RHP Stef Dijkman
Batting: RHB Phil Sherman 0-0: Called Strike
0-1: Ball
1-1: Foul Ball, location: 2F
1-2: Foul Ball, location: 2F
1-2: Ball
2-2: Ball
3-2: Foul Ball, location: 2F
3-2: Base on Balls
Joey Trifone to third
Kai-ge Choe to second
Pinch Hitting: LHB Scott Kerin 0-0: Ball
1-0: Ball
2-0: Ball
3-0: Base on Balls
Joey Trifone scores
Kai-ge Choe to third
Phil Sherman to second
Batting: RHB Eugene Bennett 0-0: Called Strike
0-1: Foul Ball, location: 2F
0-2: Ball
1-2: Strikes out swinging
Batting: RHB Juan Chávez 0-0: Called Strike
0-1: Foul Ball, location: 2F
0-2: Ball
1-2: Fly out, F8 (Flyball, 8LM)
Runner from 3rd tags up, SCORES, throw made
Batting: LHB Owen Sharts 0-0: Called Strike
0-1: SINGLE (Line Drive, 34D)
Phil Sherman to third
Scott Kerin to second
Batting: LHB Mike Houston 0-0: Ball
1-0: Foul Ball, location: 2F
1-1: Ball
2-1: Foul Ball, location: 2F
2-2: Ball
3-2: Foul Ball, location: 2F
3-2: Base on Balls
Phil Sherman scores
Scott Kerin to third
Owen Sharts to second
Batting: RHB Jon Osterman 0-0: Ball
1-0: Ball
2-0: Foul Ball, location: 2F
2-1: Fly out, F8 (Flyball, 78M)
Top of the 8th over - 4 runs, 4 hits, 0 errors, 3 left on base; Houston 7 - Echo Park 5
BOTTOM OF THE 8TH
Echo Park Lakers batting - Pitching for Houston 1837 BBC : RHP Pedro Aguilar
Now at 1B: Scott Kerin
Batting: RHB Angeddy Almanzar 0-0: Ball
1-0: Ball
2-0: Ball
3-0: Called Strike
3-1: Swinging Strike
3-2: Foul Ball, location: 2F
3-2: Strikes out swinging
Pitching: RHP José Ledezma
Batting: LHB Chris Etheridge 0-0: Ball
1-0: Ball
2-0: Foul Ball, location: 2F
2-1: SINGLE (Groundball, 4MD)
Batting: RHB Ronald Comejo 0-0: Ball
1-0: Ball
2-0: Called Strike
2-1: Ball
3-1: Called Strike
3-2: Strikes out swinging
Batting: RHB Gabriel Maldonado 0-0: Ball
1-0: Called Strike
1-1: Foul Ball, location: 2F
1-2: Strikes out swinging
Bottom of the 8th over - 0 runs, 1 hit, 0 errors, 1 left on base; Houston 7 - Echo Park 5
TOP OF THE 9TH
Houston 1837 BBC batting - Pitching for Echo Park Lakers : RHP Stef Dijkman
Batting: RHB Joey Trifone 0-0: Called Strike
0-1: Ball
1-1: Called Strike
1-2: Ball
2-2: Strikes out swinging
Batting: LHB Kai-ge Choe 0-0: Swinging Strike
0-1: Ball
1-1: Called Strike
1-2: TRIPLE (Line Drive, 9LD)
Batting: RHB Phil Sherman 0-0: Swinging Strike
0-1: Ball
1-1: Called Strike
1-2: Ball
2-2: SINGLE (Line Drive, 34D)
Kai-ge Choe scores
Pitching: RHP Júlio Rodríguez
Batting: LHB Scott Kerin 0-0: DOUBLE (Groundball, 3L)
Phil Sherman to third
Runner from 3rd tries for Home, SAFE, no throw
Batting: RHB Eugene Bennett 0-0: Foul Ball, location: 2F
0-1: Ground out 6-3 (Groundball, 6)
Batting: RHB Juan Chávez 0-0: Fly out, F7 (Line Drive, 78XD)
Top of the 9th over - 2 runs, 3 hits, 0 errors, 1 left on base; Houston 9 - Echo Park 5
BOTTOM OF THE 9TH
Echo Park Lakers batting - Pitching for Houston 1837 BBC : RHP José Ledezma
Batting: RHB Freddy Torres 0-0: Called Strike
0-1: Swinging Strike
0-2: Strikes out swinging
Batting: SHB Rodolphe Nairn 0-0: Called Strike
0-1: Fly out, F9 (Flyball, 89S)
Batting: LHB Bartolo Sierra 0-0: Called Strike
0-1: Ground out 6-3 (Groundball, 6)
Bottom of the 9th over - 0 runs, 0 hits, 0 errors, 0 left on base; Houston 9 - Echo Park 5
Friday, March 29th, 2019 - OOTP Baseball 18.8 Build 76